 Dungeon Crawl Stone Soup version 0.24.0 (webtiles) character file.

Game seed: 10181997352853739979, levelgen mode: deterministic

842 Illumine the Carver (level 7, -3/51 HPs)
             Began as a Minotaur Fighter on Oct 25, 2019.
             Was a Follower of Hepliaklqana.
             Slain by Pikel
             ... wielding a +0 whip of flaming
              (5 damage)
             ... on level 5 of the Dungeon.
             The game lasted 00:06:15 (3001 turns).

Illumine the Carver (Minotaur Fighter)              Turns: 3001, Time: 00:06:16

Health: -3/51      AC: 11    Str: 22    XL:     7   Next: 67%
Magic:  6/6        EV:  8    Int:  5    God:    Hepliaklqana [*.....]
Gold:   178        SH: 10    Dex: 10    Spells: 6/6 levels left

rFire    . . .     SeeInvis .   a - +0 long sword
rCold    . . .     Gourm    .   c - +0 shield
rNeg     . . .     Faith    .   g - +4 ring mail
rPois    .         Spirit   .   x - +1 hat
rElec    .         Reflect  .   (no cloak)
rCorr    .         Harm     .   l - +0 pair of gloves
MR       +....                  (no boots)
Stlth    ..........             (no amulet)
HPRegen  0.17/turn              k - ring of protection from magic
MPRegen  0.10/turn              (no ring)

@: no status effects
A: retaliatory headbutt, reduced essence, horns 2
a: Recall Ancestor, Ancestor Identity, Renounce Religion


You were on level 5 of the Dungeon.
You worshipped Hepliaklqana.
Hepliaklqana was aware of your devotion.
You were not hungry.

You visited 1 branch of the dungeon, and saw 5 of its levels.

You collected 178 gold pieces.

Inventory:

Hand Weapons
 a - a +0 long sword (weapon)
 v - a +2 war axe of venom
Armour
 c - a +0 shield (worn)
 g - a +4 ring mail (worn)
 l - a +0 pair of gloves (worn)
 x - a +1 hat (worn)
Jewellery
 i - an uncursed amulet of magic regeneration {unknown}
 k - a ring of protection from magic (left hand)
 r - an uncursed ring of ice
Wands
 d - a wand of digging (2)
Scrolls
 b - 2 scrolls of fog {unknown}
 h - 2 scrolls of random uselessness {unknown}
 n - 3 scrolls of amnesia {unknown}
 p - 2 scrolls of remove curse {unknown}
 t - a scroll of noise {unknown}
 u - a scroll of blinking {unknown}
 w - 5 scrolls of identify {unknown}
Potions
 e - a potion of haste {unknown}
 j - a potion of flight {unknown}
 m - a potion of magic {unknown}
 o - a potion of heal wounds {unknown}
 q - a potion of ambrosia {unknown}
 s - a potion of degeneration {unknown}
 z - a potion of cancellation {unknown}
Comestibles
 f - 5 rations


   Skills:
 - Level 3.6 Fighting
 * Level 8.9 Long Blades
 - Level 3.6 Armour
 + Level 7.0 Shields


You had 6 spell levels left.
You didn't know any spells.
Your spell library contained the following spells:

 Spells                   Type           Power        Failure   Level  Hunger
 Confusing Touch          Hex            #.....       94%         1    ##.....
 Confuse                  Hex            #.......     100%        3    ####...
 Gell's Gravitas          Tloc           #.........   100%        3    ####...
 Petrify                  Tmut/Erth      #.......     100%        4    #####..
 Metabolic Englaciation   Hex/Ice        #.........   100%        5    ######.
 Yara's Violent Unravell  Hex/Tmut       #.........   100%        5    ######.


Dungeon Overview and Level Annotations

Branches:
Dungeon (5/15)
 Temple: D:4-7

Altars:
Ashenzari
Hepliaklqana

Annotations:
D:5 Pikel


Innate Abilities, Weirdness & Mutations

You reflexively headbutt those who attack you in melee.
You have a pair of horns on your head.
Your life essence is reduced to manifest your ancestor. (-10% HP)


Message History

Pikel hits you with a +0 whip of flaming!
* * * LOW HITPOINT WARNING * * *
Pikel burns you.
* * * LOW HITPOINT WARNING * * *
You hit Pikel. Your headbutt misses Pikel.
Pikel is heavily wounded.
The slave barely misses you. The slave hits you but does no damage.
You block the slave's attack. Pikel barely misses you.
You slash Pikel! Your headbutt misses Pikel.
Pikel is almost dead.
You block the slave's attack. The slave hits you.
* * * LOW HITPOINT WARNING * * *
You block the slave's attack. Pikel barely misses you.
You barely miss Pikel.
Pikel is almost dead.
The slave hits you.
* * * LOW HITPOINT WARNING * * *
You block the slave's attack.
Pikel hits you with a +0 whip of flaming.
You die...

#...#...<)..# .[
.#.#...#....##>#
..
.#.#...#######.#
..#..#...........
.#..#..#######..
......# ..po..##
###Kp..## #@p...#
##p...# #....#
###....# #......#
#.#...## #.#####
.# #.# #.# #.#
#.#


You could see Pikel, 4 slaves and an orc.

Vanquished Creatures
  Grinder (D:4)
  Duvessa (D:5)
  Dowan (D:5)
  A hound (D:3)
  A gnoll shaman (D:4)
  An orc priest (D:3)
  2 worker ants
  Robin (D:2)
  3 gnolls (D:4)
  2 adders (D:2)
  An ooze (D:3)
  4 worms
  A dart slug (D:4)
  A leopard gecko (D:3)
  3 orcs (D:3)
  4 giant cockroaches
  15 goblins
  11 hobgoblins
  9 jackals
  10 kobolds
  3 bats
  5 frilled lizards
  4 rats
85 creatures vanquished.

Vanquished Creatures (collateral kills)
  An ogre (D:3)
  A sky beast (D:5)
  A gnoll (D:4)
  An orc (D:3)
  A hobgoblin (D:2)
  A frilled lizard (D:3)
  2 rats (D:3)
8 creatures vanquished.

Vanquished Creatures (others)
  2 ancestors
2 creatures vanquished.

Grand Total: 95 creatures vanquished

Notes
Turn   | Place    | Note
-------+----------+-------------------------------------------
     0 | D:1      | Illumine the Minotaur Fighter began the quest for the Orb.
     0 | D:1      | Reached XP level 1. HP: 19/19 MP: 0/0
    75 | D:1      | Reached skill level 3 in Long Blades
   110 | D:1      | Reached XP level 2. HP: 26/26 MP: 1/1
   447 | D:2      | Reached XP level 3. HP: 26/31 MP: 2/2
   570 | D:2      | Reached skill level 4 in Long Blades
   605 | D:2      | Noticed Robin
   623 | D:2      | Killed Robin
   803 | D:2      | Reached XP level 4. HP: 39/39 MP: 3/3
   851 | D:2      | Found a hazy altar of Hepliaklqana.
   876 | D:2      | Became a worshipper of Hepliaklqana the Forgotten
  1175 | D:3      | Found a shattered altar of Ashenzari.
  1231 | D:3      | Reached skill level 5 in Long Blades
  1303 | D:3      | Reached skill level 5 in Shields
  1303 | D:3      | Reached XP level 5. HP: 29/40 MP: 4/4
  1648 | D:3      | Noticed an ogre
  1653 | D:3      | Killed an ogre
  1653 | D:3      | Reached skill level 6 in Long Blades
  1653 | D:3      | Reached XP level 6. HP: 6/45 MP: 5/5
  2168 | D:4      | Reached * piety under Hepliaklqana
  2394 | D:5      | Entered Level 5 of the Dungeon
  2394 | D:5      | Noticed Duvessa
  2395 | D:5      | Noticed Dowan
  2408 | D:5      | Killed Duvessa
  2408 | D:5      | Reached skill level 7 in Long Blades
  2414 | D:5      | Killed Dowan
  2433 | D:5      | Noticed a sky beast
  2440 | D:5      | Reached XP level 7. HP: 39/51 MP: 6/6
  2451 | D:5      | Reached skill level 8 in Long Blades
  2646 | D:5      | Noticed Grinder
  2665 | D:4      | Paralysed by Grinder for 7 turns
  2676 | D:4      | Killed Grinder
  2975 | D:5      | Noticed Pikel
  3001 | D:5      | HP: 2/51 [slave[Pikel] (5)]
  3001 | D:5      | Slain by Pikel

Levels and vault maps discovered:
D:1:      dpeg_arrival_simpleton_c, layout_basic, serial_bayou,
          serial_bayou_pond_d, serial_bayou_crossing, serial_bayou_lake_a,
          serial_bayou_ford_a, serial_bayou_pond_e, st_stairs_10,
          minmay_misc_feat_tower, minmay_box_of_dots
D:2:      lemuel_upstairs_altar, layout_basic, old_standard_altar, uniq_robin
D:3:      layout_rooms, first_ration, cheibrodos_ashenzari_chains
D:4:      layout_rooms, hangedman_decor_clover_reticule
D:5:      layout_basic, chequers_temple_overflow_statue_of_worship,
          serial_shops, kennysheep_little_box, nicolae_zen_rock_garden,
          uniq_grinder, uniq_pikel, uniq_duvessa
